 Dungeon Crawl Stone Soup version 0.22.0-6-g71bd7aa (webtiles) character file.

162 GordonOverkill the Shooter (level 5, -3/32 HPs)
             Began as a Tengu Arcane Marksman on Aug 11, 2018.
             Slain by Natasha (7 damage)
             ... on level 1 of the Dungeon on Aug 14, 2018.
             The game lasted 00:09:35 (3235 turns).

GordonOverkill the Shooter (Tengu Arcane Marksman)  Turns: 3235, Time: 00:09:35

Health: -3/32      AC:  3    Str: 10    XL:     5   Next: 43%
Magic:  7/7        EV: 13    Int: 14    God:
Gold:   37         SH:  0    Dex: 15    Spells: 5/6 levels left

rFire    . . .     SeeInvis .   a - +0 shortbow
rCold    . . .     Gourm    .   (shield currently unavailable)
rNeg     + . .     Faith    .   e - +0 robe
rPois    .         Spirit   .   (helmet restricted)
rElec    .         Reflect  .   j - +0 cloak (curse)
rCorr    .         Harm     .   (no gloves)
MR       .....                  (boots unavailable)
Stlth    +.........             (no amulet)
HPRegen  0.10/turn              p - ring of positive energy
MPRegen  0.10/turn              (no ring)

@: no status effects
A: beak, talons 3, able to fly 1
a: Fly


You were on level 1 of the Dungeon.
You were not hungry.

You visited 1 branch of the dungeon, and saw 2 of its levels.

You collected 37 gold pieces.

Inventory:

Hand Weapons
 a - a +0 shortbow (weapon)
 b - a +0 dagger
 o - a +0 spear
Missiles
 d - 16 arrows (quivered)
Armour
 e - a +0 robe (worn)
 j - a cursed +0 cloak (worn)
Jewellery
 p - a ring of positive energy (left hand)
Scrolls
 h - 2 scrolls of teleportation {unknown}
 i - a scroll of identify {unknown}
 k - 2 scrolls of enchant weapon {unknown}
 l - 2 scrolls of magic mapping {unknown}
 m - a scroll of fear {unknown}
 q - a scroll of immolation {unknown}
Potions
 g - 2 potions of agility {unknown}
 n - a potion of heal wounds {unknown}
 r - a potion of mutation {unknown}
Comestibles
 f - 3 rations


   Skills:
 + Level 2.8 Fighting
 * Level 4.7 Bows
 - Level 3.0 Dodging
 - Level 1.0 Spellcasting
 - Level 2.1 Hexes


You had 5 spell levels left.
You knew the following spells:

 Your Spells              Type           Power        Failure   Level  Hunger
a - Corona                Hex            #......      11%         1    ##.....

Your spell library contained the following spells:

 Spells                   Type           Power        Failure   Level  Hunger
 Cause Fear               Hex            #.........   71%         4    #####..
 Slow                     Hex            #.......     16%         2    ###....
 Portal Projectile        Hex/Tloc       #.....       45%         3    ####...
 Leda's Liquefaction      Hex/Erth       #.........   86%         4    #####..
 Inner Flame              Hex/Fire       #.......     45%         3    ####...


Dungeon Overview and Level Annotations

Branches:
Dungeon (2/15)

Altars:
Makhleb

Annotations:
D:1 Natasha


Innate Abilities, Weirdness & Mutations

You have a beak for a mouth.
You have claws for feet.
You can fly.


Message History

Natasha hisses.
Natasha claws you.
Firing (i - inventory)
d - 19 arrows (quivered)
Press: ? - help, Shift-Dir - straight line, f/p - Natasha
Aim: Natasha (moderately wounded)
You shoot an arrow. The arrow hits Natasha!
Natasha is severely wounded.
Natasha closely misses you.
Firing (i - inventory)
d - 18 arrows (quivered)
Press: ? - help, Shift-Dir - straight line, f/p - Natasha
Aim: Natasha (severely wounded)
You shoot an arrow. The arrow hits Natasha.
Natasha is almost dead.
Natasha claws you.
* * * LOW HITPOINT WARNING * * *
Firing (i - inventory)
d - 17 arrows (quivered)
Press: ? - help, Shift-Dir - straight line, f/p - Natasha
Aim: Natasha (almost dead)
You shoot an arrow. The arrow closely misses Natasha.
Natasha claws you!
You die...

# ###############
# #............(#
####.###########.#
.................#
#....##########..#
#........# #..#
#........# #..#
#........######.h#
................@#
#.#..##########..#
#.#..# #..# #.#..#
#..# .....#
#####..# #.#..####
#......# ........#
#.###.##
.....##.###.# #.#
............# #.#


You could see Natasha.

Vanquished Creatures
  Jessica (D:2)
  Natasha (D:2)
  3 adders (D:2)
  2 oozes
  An adder skeleton (D:2)
  A worm (D:1)
  2 dart slugs (D:1)
  3 leopard geckos
  8 bats
  2 bat skeletons (D:2)
  3 bat zombies (D:2)
  5 giant cockroaches
  4 goblins
  8 hobgoblins
  7 kobolds
  2 quokkas (D:2)
  4 frilled lizards
  A leopard gecko zombie (D:2)
  A rat (D:1)
59 creatures vanquished.

Notes
Turn   | Place    | Note
-------+----------+-------------------------------------------
     0 | D:1      | GordonOverkill the Tengu Arcane Marksman began the quest for the Orb.
     0 | D:1      | Reached XP level 1. HP: 12/12 MP: 3/3
    12 | D:1      | Upgraded the game from 0.22.0 to 0.22.0-6-g71bd7aa
   107 | D:1      | Reached XP level 2. HP: 1/16 MP: 4/4
   748 | D:1      | Reached XP level 3. HP: 21/21 MP: 5/5
  1037 | D:1      | Reached skill level 3 in Bows
  1507 | D:2      | Found a burning altar of Makhleb.
  2062 | D:2      | Reached XP level 4. HP: 26/26 MP: 6/6
  2809 | D:2      | Reached skill level 4 in Bows
  2970 | D:2      | Noticed Natasha
  2980 | D:2      | Killed Natasha
  2980 | D:2      | Gained mutation: You can fly. [Tengu growth]
  2980 | D:2      | Reached XP level 5. HP: 31/31 MP: 7/7
  3061 | D:2      | Noticed Jessica
  3070 | D:2      | Killed Jessica
  3204 | D:2      | Noticed Natasha
  3235 | D:1      | Slain by Natasha

Skill      XL: |  1  2  3  4 |
---------------+-------------+-----
Bows           | 3 4 |  4.7
Fighting       | 2 |  2.8
Dodging        | 3 |  3.0
Spellcasting   | |  1.0
Hexes          | |  2.1

Action                   |  1- 3 |  4- 6 || total
-------------------------+-------+-------++-------
Melee: Dagger            |    45 |    40 ||    85
       Kick              |    17 |    17 ||    34
       Peck              |     6 |     4 ||    10
 Fire: Shortbow          |    79 |    65 ||   144
  Use: Potion            |       |     3 ||     3
  Eat: Chunk             |     2 |     5 ||     7
Armor: Robe              |    39 |    31 ||    70
Dodge: Dodged            |    81 |    77 ||   158
